Map: Ley Lines

Players

KimChiLoVer - Winner!

  • Race: Terran Terran
  • Spawn Location: 1:00

VOD

Have the link to the VOD?

Description

Time

  • Played on: Aug. 14, 2025, 9:41 p.m.
  • Length: 10:28
Show
View Real Time Build Order
Export as new Build Order

KimChiLoVer Terran - Winner!

Build Orders: Reaper Expand 

Get SALT Encoding   

  12  0:02  SCV  
  12  0:14  SCV  
  12  0:18  Supply Depot  
  12  0:26  SCV  
  12  0:39  SCV  
  12  0:41  Barracks  
  12  0:44  Refinery  
  12  0:51  SCV  
  12  1:03  SCV  
  12  1:15  SCV  
  12  1:29  Orbital Command  
  12  1:30  Reaper  
  12  1:39  Command Center  
  12  1:46  Supply Depot  
  12  1:55  SCV  
  12  2:02  Marine  
  12  2:04  Factory  
  12  2:10  Refinery  
  12  2:11  SCV  
  12  2:23  Barracks Reactor, SCV  
  12  2:35  SCV  
  12  2:37  Barracks  
  12  2:40  Barracks  
  12  2:47  SCV  
  12  2:51  Factory Tech Lab  
  12  3:00  SCV  
  12  3:01  Orbital Command  
  12  3:07  Marine x2  
  12  3:13  SCV  
  12  3:25  SCV  
  12  3:30  Command Center  
  12  3:34  Stimpack  
  12  3:37  Marine  
  12  3:39  SCV  
  12  3:46  Starport  
  12  3:47  Factory Reactor  
  12  3:49  Marine  
  12  3:54  SCV  
  12  3:55  SCV  
  12  3:56  Marine x2  
  12  4:06  Engineering Bay  
  12  4:07  Engineering Bay  
  12  4:09  Marine  
  12  4:11  Marine  
  12  4:13  SCV  
  12  4:14  SCV  
  12  4:20  Marine x2  
  12  4:27  Marine  
  12  4:37  Terran Infantry Weapons Level 1  
  12  4:38  Factory Tech Lab, Terran Infantry Armor Level 1  
  12  4:41  Medivac x2  
  12  4:43  Supply Depot  
  12  4:45  SCV x2  
  12  4:51  Orbital Command  
  12  4:54  Barracks  
  12  5:00  Barracks  
  12  5:01  SCV  
  12  5:06  Marine x2  
  12  5:09  Marine  
  12  5:12  Barracks Tech Lab  
  12  5:17  Supply Depot  
  12  5:24  Armory  
  12  5:26  Siege Tank  
  12  5:28  SCV  
  12  5:36  SCV  
  12  5:41  Refinery, Combat Shield  
  12  5:42  Orbital Command  
  12  5:46  Barracks Tech Lab  
  12  5:48  SCV  
  12  6:02  Refinery  
  12  6:03  SCV  
  12  6:05  Marine x2, Barracks Reactor  
  12  6:06  Marine x3  
  12  6:15  SCV  
  12  6:17  SCV  
  12  6:23  Marine, Medivac  
  12  6:24  Medivac  
  12  6:25  Marine x3  
  12  6:26  Marine  
  12  6:27  SCV  
  12  6:29  SCV  
  12  6:31  Barracks  
  12  6:34  Barracks  
  12  6:36  Barracks  
  12  6:38  Terran Infantry Weapons Level 2  
  12  6:41  Marine, SCV x3  
  12  6:50  Marine x3  
  12  6:53  Terran Vehicle And Ship Armor Level 1, SCV x2  
  12  6:55  SCV  
  12  6:57  Marine  
  12  6:58  Marine x2  
  12  7:00  Concussive Shells  
  12  7:07  Supply Depot  
  12  7:09  Supply Depot  
  12  7:17  Marine, Medivac, SCV x2  
  12  7:20  Barracks Reactor  
  12  7:23  Barracks Tech Lab  
  12  7:25  Barracks Tech Lab  
  12  7:26  Marine  
  12  7:29  Siege Tank, SCV  
  12  7:32  Command Center  
  12  7:37  Supply Depot  
  12  7:39  Supply Depot  
  12  7:42  Terran Infantry Armor Level 2  
  12  7:45  Marauder x3, Marine x2  
  12  7:54  SCV x3  
  12  8:01  Supply Depot  
  12  8:06  Refinery  
  12  8:07  SCV x3  
  12  8:08  Refinery  
  12  8:09  Supply Depot  
  12  8:10  Marauder, Marine  
  12  8:11  Marine  
  12  8:14  Medivac  
  12  8:19  SCV x2  
  12  8:21  Starport  
  12  8:25  Marauder x2, Marine x2  
  12  8:29  Siege Tank  
  12  8:33  Supply Depot  
  12  8:35  Supply Depot  
  12  8:42  SCV x3  
  12  8:46  Supply Depot  
  12  8:48  Marauder x2  
  12  8:49  Supply Depot, Marine  
  12  8:54  SCV  
  12  8:55  Viking x2  
  12  8:58  Marine x2  
  12  8:59  Marine  
  12  9:15  SCV x2  
  12  9:16  SCV  
  12  9:21  Supply Depot  
  12  9:22  Supply Depot  
  12  9:25  Starport Reactor  
  12  9:27  Marine x7, SCV  
  12  9:28  Marine x2, SCV x2  
  12  9:40  Marauder x2  
  12  9:42  Viking  
  12  9:45  Marine  
  12  9:46  Marauder x2  
  12  9:48  Planetary Fortress  
  12  9:53  Supply Depot  
  12  9:57  SCV x3  
  12  10:00  Marauder, Marine  
  12  10:01  Marauder x2, Marine  
  12  10:09  SCV  
Tags
 
Add a new tag
Caveats
  • Supply blocks, unpowered buildings, or Contaminate may cause inaccurate times.
  • Supply counts are checked every 10 seconds.